 Dungeon Crawl Stone Soup version 0.17.1-3-g152610e (webtiles) character file.

120 Locuples the Shield-Bearer (level 4, -3/42 HPs)
             Began as a Deep Dwarf Fighter on Mar 30, 2016.
             Slain by GFox's ghost (9 damage)
             ... on level 4 of the Dungeon on Apr 12, 2016.
             The game lasted 00:07:38 (1777 turns).

Locuples the Shield-Bearer (Deep Dwarf Fighter)     Turns: 1777, Time: 00:07:38

Health: -3/42      AC:  9    Str: 21    XL:     4   Next: 75%
Magic:  3/3        EV:  7    Int:  8    God:
Gold:   130        SH:  9    Dex: 12    Spells: 0 memorised, 3 levels left

rFire  . . .     SeeInvis .     o - +1 falchion (slice)
rCold  . . .     Clarity  .     b - +0 scale mail
rNeg   . . .     SustAt   .     c - +0 shield
rPois  .         Gourm    .     j - +0 helmet
rElec  .         Spirit   .     (no cloak)
rCorr  .         Warding  .     h - +0 pair of gloves
rMut   .         Stasis   .     (no boots)
MR     .....                    (no amulet)
Stlth  ..........               (no ring)
                                (no ring)

@: non-regenerating, not resistant to hostile enchantments, extremely unstealthy
A: damage resistance, recharge devices, sense surroundings 1, slow regeneration
3
a: Device Recharging


You were on level 4 of the Dungeon.
You were hungry.

You visited 1 branch of the dungeon, and saw 4 of its levels.

You collected 130 gold pieces.

Inventory:

Hand Weapons
 o - a +1 falchion of slicing (weapon)
Armour
 b - a +0 scale mail (worn)
 c - a +0 shield (worn)
 h - a +0 pair of gloves (worn)
 j - a +0 helmet (worn)
Wands
 e - a wand of heal wounds (8)
Scrolls
 a - a scroll of teleportation {unknown}
 g - 2 scrolls of identify {unknown}
 i - 2 scrolls of immolation {unknown}
 k - a scroll of remove curse {unknown}
 l - a scroll of random uselessness {unknown}
 n - a scroll of fear {unknown}
Potions
 d - a potion of might
 m - a potion of ambrosia {unknown}
Comestibles
 f - a bread ration


   Skills:
 + Level 3.1 Fighting
 * Level 3.4 Long Blades
 + Level 4.0 Armour
 + Level 4.2 Shields


You had 3 spell levels left.
You didn't know any spells.

Dungeon Overview and Level Annotations

Branches:
Dungeon (4/15)
 Temple: D:4-7

Altars:

Annotations:
D:4 GFox's ghost, amateur TeSu


Innate Abilities, Weirdness & Mutations

You are resistant to damage.
You can recharge devices by infusing magical energy.
You passively map a small area around you.
You do not regenerate naturally.


Message History

GFox's ghost is moderately damaged.
You block the crimson imp's attack. You block GFox's ghost's attack.
Your scale mail prevents you from hitting the crimson imp.
You block the crimson imp's attack.
You slash GFox's ghost!
GFox's ghost is severely damaged.
GFox's ghost completely misses you.
The crimson imp blinks!
You slash GFox's ghost!
GFox's ghost is almost destroyed.
You block GFox's ghost's attack.
The crimson imp blinks!
The crimson imp blinks!
GFox's ghost barely misses you.
You barely miss GFox's ghost.
GFox's ghost is almost destroyed.
The crimson imp blinks!
GFox's ghost hits you.
You are electrocuted!
* * * LOW HITPOINT WARNING * * *
The crimson imp blinks!
Your shield prevents you from hitting GFox's ghost.
GFox's ghost is almost destroyed.
GFox's ghost hits you.
You are electrocuted!
You die...

* , ####.# .# , *
...#. ,..##.# .. ,.
..... *#.##.# .# ..
*
.:.#.###.##.##.#..?
...§...#.##......, *
.§.#...#.##...., ,
.......#.##..# *,,
,.......#.##..###...
.......W@......>...
,
.....#.##..)####...,
..., #.*#...# , . .
,,#.##...# ,
#..#...## , ,,
##.#....#**
..##......# ,
..........# , , , ,,
.###.....# ,,


You could see GFox's ghost.

Vanquished Creatures
  2 orc wizards (D:3)
  2 adders
  An ooze (D:3)
  2 giant geckos (D:3)
  5 orcs
  2 giant cockroaches
  5 hobgoblins
  7 kobolds
  A quokka (D:2)
  A ball python (D:2)
  5 bats
  A giant gecko skeleton (D:4)
  4 giant newts
  3 goblins
  A jackal skeleton (D:4)
  A rat (D:1)
43 creatures vanquished.

Notes
Turn   | Place    | Note
--------------------------------------------------------------
     0 | D:1      | Locuples the Deep Dwarf Fighter began the quest for the Orb.
     0 | D:1      | Reached XP level 1. HP: 20/20 MP: 1/1
   310 | D:1      | Reached XP level 2. HP: 21/27 MP: 2/2
  1068 | D:2      | Reached XP level 3. HP: 22/33 MP: 3/3
  1353 | D:3      | Reached skill level 4 in Shields
  1356 | D:3      | Reached XP level 4. HP: 37/42 MP: 3/3
  1763 | D:4      | Noticed GFox's ghost (amateur TeSu)
  1777 | D:4      | Slain by GFox's ghost

Action                   |  1- 3 |  4- 6 || total
-------------------------+-------+-------++-------
Melee: Long sword        |    86 |    51 ||   137
       Falchion          |       |     9 ||     9
 Abil: Device Recharging |     1 |       ||     1
Evoke: Wand              |     1 |       ||     1
  Eat: Chunk             |       |     2 ||     2
